 Dungeon Crawl Stone Soup version 0.22-a0-580-gd5db89c (webtiles) character file.

1683 sking99 the Basher (level 8, -6/75 HPs)
             Began as a Minotaur Berserker on July 3, 2018.
             Was an Elder of Trog.
             Killed from afar by an electric eel (8 damage)
             ... with a bolt of electricity
             ... on level 6 of the Dungeon.
             The game lasted 00:10:14 (6437 turns).

sking99 the Basher (Minotaur Berserker)             Turns: 6437, Time: 00:10:15

Health: -6/75      AC: 11    Str: 31    XL:     8   Next: 71%
Magic:  7/7        EV:  8    Int:  6    God:    Trog [****..]
Gold:   336        SH:  0    Dex: 12    Spells: 7/7 levels left

rFire    . . .     SeeInvis .   q - +1 spear "Gocug" {freeze, *Noise rPois Str+9 Int+2} (curse)
rCold    . . .     Gourm    .   (no shield)
rNeg     . . .     Faith    .   o - +0 plate armour
rPois    +         Spirit   .   (helmet restricted)
rElec    .         Reflect  .   (no cloak)
rCorr    .         Harm     .   (no gloves)
MR       .....                  (no boots)
Stlth    ..........             (no amulet)
HPRegen  0.22/turn              g - ring of poison resistance
MPRegen  0.10/turn              (no ring)

@: very slow
A: retaliatory headbutt, horns 2
a: Berserk, Trog's Hand, Brothers in Arms, Renounce Religion


You were on level 6 of the Dungeon.
You worshipped Trog.
Trog was greatly pleased with you.
You were very hungry.

You visited 1 branch of the dungeon, and saw 6 of its levels.

You collected 336 gold pieces.

Inventory:

Hand Weapons
 a - a +0 mace
 k - a +3 dire flail of holy wrath
 q - the cursed +1 spear "Gocug" (weapon) {freeze, *Noise rPois Str+9 Int+2}
   (You found it on level 5 of the Dungeon)

   It has been specially enchanted to freeze those struck by it, causing extra
   injury to most foes and up to half again as much damage against particularly
   susceptible opponents.
   It can also slow down cold-blooded creatures.
   It affects your strength (+9).
   It affects your intelligence (+2).
   It protects you from poison.
   It may make noises in combat.
   It has a curse placed upon it.
Armour
 o - a +0 plate armour (worn)
Jewellery
 e - an uncursed ring of protection from cold {unknown}
 g - a ring of poison resistance (left hand)
 t - a +2 ring of intelligence {unknown}
Wands
 m - a wand of scattershot (5)
 p - a wand of clouds (6)
Scrolls
 b - a scroll of fear
 i - 2 scrolls of enchant weapon
 l - 4 scrolls of teleportation
Potions
 d - 3 potions of heal wounds
 f - 3 potions of lignification
 h - a potion of brilliance
 j - a potion of might
 r - a potion of cancellation
 s - a potion of invisibility
Comestibles
 c - 13 rations


   Skills:
 + Level 8.5 Fighting
 * Level 11.3 Maces & Flails
 - Level 2.4 Armour
 - Level 2.2 Dodging


You had 7 spell levels left.
You didn't know any spells.
Your spell library was empty.

Dungeon Overview and Level Annotations

Branches:
Dungeon (6/15)             Temple (0/1) D:4

Altars:
Wu Jian


Innate Abilities, Weirdness & Mutations

You reflexively headbutt those who attack you in melee.
You have a pair of horns on your head.


Message History

You reach to attack!
You hit the electric eel. You freeze the electric eel.
The electric eel is heavily wounded.
The electric eel shoots out a bolt of lightning at you!
The bolt of electricity hits the electric eel.
The electric eel completely resists.
The bolt of electricity hits the electric eel.
The electric eel completely resists.
The bolt of electricity hits you!
The electric eel shoots out a bolt of lightning at you!
The bolt of electricity hits you!
* * * LOW HITPOINT WARNING * * *
Unknown command.
The electric eel shoots out a bolt of lightning at you!
The bolt of electricity hits you!
* * * LOW HITPOINT WARNING * * *
The bolt of electricity hits you!
* * * LOW HITPOINT WARNING * * *
The electric eel shoots out a bolt of lightning at you!
The bolt of electricity hits the electric eel.
The electric eel completely resists.
The bolt of electricity hits you!
You die...

##≈≈####≈≈##.≈≈#≈≈≈
#≈## ##≈#≈≈≈###.#
##.#######≈...#...
##....###........
#....'.#........
#....'.'........
##....###........
##.#######....#...
#@## #≈##≈.###.#
##≈≈# ##≈≈##≈≈.#≈≈≈
#≈≈≈##≈≈≈≈≈##≈≈≈≈≈≈
#≈≈≈#≈≈≈≈≈≈≈##.#≈.≈
#≈≈;#≈≈≈≈≈≈≈ ##..#.
#≈≈≈≈≈≈≈≈≈≈≈ ##.##
#≈≈≈≈≈≈≈≈≈≈≈ ##.#
#≈≈≈≈;≈#.≈≈≈ ##.
#≈≈≈≈≈≈# .≈≈ ##


You could see 2 electric eels.

Vanquished Creatures
  Sigmund (D:4)
  Edmund (D:4)
  A water moccasin (D:5)
  A phantom (D:6)
  An ogre (D:3)
  A centaur (D:5)
  A wyvern skeleton (D:6)
  6 scorpions
  2 howler monkeys (D:4)
  2 electric eels (D:6)
  2 hounds
  A gnoll shaman (D:5)
  An orc wizard (D:6)
  A centaur skeleton (D:4)
  3 iguanas
  3 worker ants
  10 adders
  4 gnolls (D:5)
  3 oozes
  An adder skeleton (D:6)
  4 worms
  5 leopard geckos
  5 orcs
  5 giant cockroaches
  6 goblins
  8 hobgoblins
  13 jackals
  5 kobolds
  2 quokkas
  3 ball pythons
  11 bats
  6 frilled lizards
  2 jackal skeletons
  A leopard gecko skeleton (D:6)
  A quokka zombie (D:5)
  10 rats
  A fungus (D:5)
134 creatures vanquished.

Vanquished Creatures (others)
  4 fungi (D:5)
4 creatures vanquished.

Grand Total: 138 creatures vanquished

Notes
Turn   | Place    | Note
-------+----------+-------------------------------------------
     0 | D:1      | sking99 the Minotaur Berserker began the quest for the Orb.
     0 | D:1      | Reached XP level 1. HP: 19/19 MP: 0/0
     6 | D:1      | Noticed a worker ant
     6 | D:1      | Noticed an anaconda
     7 | D:1      | Noticed a swamp worm
     7 | D:1      | Noticed a four-headed hydra
    83 | D:1      | Reached skill level 4 in Maces & Flails
    87 | D:1      | Reached XP level 2. HP: 23/27 MP: 1/1
   708 | D:2      | Reached ** piety under Trog
   708 | D:2      | Reached XP level 3. HP: 22/33 MP: 2/2
  1079 | D:2      | Reached skill level 5 in Maces & Flails
  1431 | D:3      | Reached XP level 4. HP: 16/41 MP: 3/3
  2505 | D:3      | Reached skill level 6 in Maces & Flails
  2811 | D:4      | Reached *** piety under Trog
  2811 | D:4      | Reached skill level 5 in Fighting
  2811 | D:4      | Reached XP level 5. HP: 46/48 MP: 4/4
  2922 | D:4      | Reached skill level 7 in Maces & Flails
  3232 | D:4      | Reached XP level 6. HP: 56/56 MP: 5/5
  3264 | D:4      | Noticed Sigmund
  3271 | D:4      | Killed Sigmund
  3289 | D:4      | Noticed Edmund
  3294 | D:4      | Killed Edmund
  3294 | D:4      | Reached skill level 8 in Maces & Flails
  3294 | D:4      | Reached XP level 7. HP: 55/64 MP: 6/6
  3442 | D:4      | Found a staircase to the Ecumenical Temple.
  3832 | D:4      | Found an ornate altar of the Wu Jian Council.
  4018 | D:4      | Reached skill level 9 in Maces & Flails
  4181 | D:5      | Entered Level 5 of the Dungeon
  4311 | D:5      | Reached XP level 8. HP: 73/73 MP: 7/7
  4375 | D:5      | Reached skill level 10 in Maces & Flails
  4520 | D:5      | Got a jewelled spear
  4521 | D:5      | Identified the cursed +1 spear "Gocug" {freeze, *Noise rPois Str+9 Int+2} (You found it on level 5 of the Dungeon)
  4927 | D:5      | Found the +7 Singing Sword
  5029 | D:6      | Reached **** piety under Trog
  5095 | D:6      | Reached skill level 11 in Maces & Flails
  6437 | D:6      | HP: 2/75 [electric eel/bolt of electricity (13)]
  6437 | D:6      | Killed from afar by an electric eel

Vault maps used:
D:1:      onia_arrival_zoo_common, minivault_5, interstate_on_off,
          feat_on_display
D:2:      first_ration, kennysheep_generic_room_5
D:4:      nicolae_overflow_crystal_walls, temple_green, sigmund_edmund_badplayer
D:5:      old_forge
D:6:      wad_lake_hut, uniq_sigmund

Skill      XL: |  1  2  3  4  5  6  7  8 |
---------------+-------------------------+-----
Maces & Flails | 4 5 6 7 8 9 11 | 11.3
Fighting       | 4 5 6 7 8 |  8.5
Armour         | |  2.4
Dodging        | |  2.2

Action                   |  1- 3 |  4- 6 |  7- 9 || total
-------------------------+-------+-------+-------++-------
Melee: Mace              |    75 |    50 |       ||   125
       Headbutt          |     5 |    13 |    35 ||    53
       Dire flail        |       |    40 |    69 ||   109
       Spear             |       |       |    79 ||    79
Invok: Berserk           |     1 |       |     1 ||     2
  Use: Scroll            |       |     6 |     7 ||    13
 Stab: Sleeping          |     1 |     1 |       ||     2
       Held in net/web   |       |       |     1 ||     1
  Eat: Chunk             |     3 |     6 |     6 ||    15
       Ration            |       |       |     1 ||     1
Armor: Animal skin       |     8 |     5 |       ||    13
       Plate armour      |       |    25 |    78 ||   103
Dodge: Dodged            |    53 |    38 |    39 ||   130

Table legend:
 A = Spawn XP
 B = Non-spawn XP
 C = Spawn XP percentage of total XP
 D = Spawn monster count
 E = Non-spawn monster count
 F = Spawn count percentage of total count
 G = Total turns spent on level
                    A         B        C        D         E        F      G
               +---------+---------+-------+---------+---------+-------+---------
         Total |       0 |    2405 |   0.0 |       0 |     133 |   0.0 |  6437
               +---------+---------+-------+---------+---------+-------+---------
           D:1 |       0 |      28 |   0.0 |       0 |      18 |   0.0 |   608
           D:2 |       0 |      62 |   0.0 |       0 |      23 |   0.0 |   842
           D:3 |       0 |     230 |   0.0 |       0 |      32 |   0.0 |  1444
           D:4 |       0 |     762 |   0.0 |       0 |      18 |   0.0 |  1287
           D:5 |       0 |     857 |   0.0 |       0 |      29 |   0.0 |   785
           D:6 |       0 |     466 |   0.0 |       0 |      13 |   0.0 |  1471
               +---------+---------+-------+---------+---------+-------+---------
